 Dungeon Crawl Stone Soup version 0.17-b1-22-g5359643 (webtiles) character file.

572 Galdon the Chiller (level 7, 0/53 (56) HPs)
             Began as a Ghoul Ice Elementalist on Nov 5, 2015.
             Slain by a giant gecko (4 damage)
             ... on level 4 of the Dungeon.
             The game lasted 00:41:37 (4853 turns).

Galdon the Chiller (Ghoul Ice Elementalist)         Turns: 4853, Time: 00:41:37

HP:   0/53 (56)     AC:  6    Str: 12    XL:     7   Next: 34%
MP:   0/10          EV: 12    Int: 11    God:
Gold: 202           SH:  0    Dex: 13    Spells: 4 memorised, 2 levels left

rFire  . . .     SeeInvis .       - Unarmed
rCold  + . .     Clarity  .     p - +1 leather armour
rNeg   + + +     SustAt   .     (no shield)
rPois  ∞         Gourm    .     (no helmet)
rElec  .         Spirit   +     u - +0 cloak
rCorr  .         Warding  .     (no gloves)
rMut   .         Stasis   .     y - +0 pair of boots
MR     .....                    i - amulet of guardian spirit
Stlth  +.........               (no ring)
                                s - +3 ring of dexterity

@: confused, rotting, not resistant to hostile enchantments, very unstealthy
A: rotting body, claws 1, carnivore 3, cold resistance 1, negative energy
resistance 3, slow regeneration 1, torment resistance, unbreathing
a: no special abilities


You were on level 4 of the Dungeon.
You were not hungry.

You visited 1 branch of the dungeon, and saw 4 of its levels.

You collected 238 gold pieces.
You spent 36 gold pieces at shops.

Inventory:

Armour
 a - a +0 robe
 p - a +1 leather armour (worn)
 u - a +0 cloak (worn)
 y - a +0 pair of boots (worn)
Jewellery
 i - an amulet of guardian spirit (around neck)
 s - a +3 ring of dexterity (left claw)
Wands
 x - a wand of disintegration (12)
Scrolls
 e - 2 scrolls of fog
 g - a scroll of identify
 h - a scroll of remove curse
 j - a scroll of magic mapping
 n - a scroll of teleportation
 o - a scroll of recharging {unknown}
 r - 2 scrolls of fear {unknown}
 w - a scroll of amnesia {unknown}
 z - a scroll of blinking {unknown}
Potions
 d - a potion of brilliance {unknown}
 f - 2 potions of invisibility
 k - 3 potions of heal wounds
 q - 2 potions of curing
 t - a potion of mutation {unknown}
 v - a potion of magic
Books
 b - a book of Frost

   Spells                             Type                      Level
   a - Freeze                         Ice                          1
   b - Throw Frost                    Conjuration/Ice              2
   c - Ozocubu's Armour               Charms/Ice                   3
   d - Throw Icicle                   Conjuration/Ice              4
   e - Summon Ice Beast               Ice/Summoning                4
   f - Condensation Shield            Ice                          4
Comestibles
 c - 4 meat rations
 l - 2 royal jellies
 m - 3 beef jerkies
 A - 2 slices of pizza


   Skills:
 * Level 2.7 Fighting
 + Level 1.2 Armour
 + Level 3.0 Dodging
 + Level 2.8 Stealth
 * Level 3.1 Unarmed Combat
 * Level 3.0 Spellcasting
 + Level 0.7 Conjurations
 + Level 1.4 Charms
 * Level 4.9 Ice Magic
 * Level 1.0 Evocations


You had 2 spell levels left.
You knew the following spells:

 Your Spells              Type           Power        Failure   Level  Hunger
a - Freeze                Ice            ##..         6%          1    #......
b - Throw Frost           Conj/Ice       #.....       17%         2    ###....
c - Ozocubu's Armour      Chrm/Ice       #.......     34%         3    ###....
d - Condensation Shield   Ice            ##........   47%         4    #####..


Dungeon Overview and Level Annotations

Branches:
Dungeon (4/15)
 Temple: D:4-7

Altars:
Kikubaaqudgha
Okawaru

Shops:
D:4 !

Annotations:
D:3 Grinder; happy2pester's ghost, amateur HOGl
D:4 fotsohgehT's ghost, novice DrEn; happy2pester's ghost, amateur HOGl


Innate Abilities, Weirdness & Mutations

Your body is rotting away.
You thrive on raw meat.
You are immune to poison.
You have sharp fingernails.
You are carnivorous and can eat meat at any time.
Your flesh is cold resistant.
You are immune to negative energy.
You regenerate slowly when monsters are visible.
You are immune to unholy pain and torment.
You can survive without breathing.


Message History

The giant gecko is heavily wounded.
The giant gecko bites you but does no damage.
Happy2pester's ghost hits you!
The giant gecko bites you but does no damage.
You bump into the rock wall.
Happy2pester's ghost hits you!
* * * LOW HITPOINT WARNING * * *
The giant gecko bites you but does no damage.
You're too confused to move!
Happy2pester's ghost hits you.
The giant gecko hisses menacingly.
The giant gecko bites you.
* * * LOW HITPOINT WARNING * * *
FotsohgehT's ghost hits you but does no damage.
You bump into the rock wall.
The giant gecko bites you but does no damage.
Happy2pester's ghost hits you.
* * * LOW HITPOINT WARNING * * *
FotsohgehT's ghost hits you.
* * * LOW HITPOINT WARNING * * *
The giant gecko bites you.
You die...

.# #......#.#####.#######
.########......#.##....).....#
.'......+......'...>###.####.###
.########......#.##.###.#......#
.#### #....[.#.##.#...#.#.##.#
....# #..).).#.##.#.#...<.##.#
....# #......#.##.#....#.....#
....# #......#.##.#.#..#.#####
....# #......#@##...#..#....#
....# #......Wl.....#..####.#
....# #.......W.##....#.....#
..).#####.........'..##.#.#####
....'...#.........#####.#.#
....###.#.........# #.#.# ....#
..#######'######'#+#### ....#
#.##.....[.W............
....####'##....................


You could see fotsohgehT's ghost, happy2pester's ghost and a giant gecko.

Vanquished Creatures
  Sigmund (D:3)
  Blork the orc (D:4)
  A scorpion (D:4)
  An orc wizard (D:2)
  2 worker ants (D:4)
  A hound skeleton (D:4)
  A worker ant zombie (D:3)
  Robin (D:3)
  5 adders
  3 gnolls (D:3)
  An ooze (D:2)
  6 worms
  4 orcs (D:3)
  A ball python (D:1)
  4 bat zombies (D:2)
  16 goblins
  7 hobgoblins
  7 jackals (D:1)
  9 bats
  3 giant cockroaches
  2 giant geckos (D:1)
  5 giant newts
  6 kobolds
  3 quokkas
  4 rats
  2 rat zombies (D:2)
97 creatures vanquished.

Notes
Turn   | Place    | Note
--------------------------------------------------------------
     0 | D:1      | Galdon the Ghoul Ice Elementalist began the quest for the Orb.
     0 | D:1      | Reached XP level 1. HP: 14/14 MP: 2/2
   187 | D:1      | Reached XP level 2. HP: 13/22 MP: 0/3
   210 | D:1      | Learned a level 2 spell: Throw Frost
   476 | D:1      | Reached XP level 3. HP: 19/27 MP: 2/4
   670 | D:1      | Learned a level 3 spell: Ozocubu's Armour
   715 | D:2      | Reached skill level 1 in Fighting
   729 | D:2      | Reached skill level 4 in Ice Magic
  1165 | D:2      | Reached skill level 1 in Unarmed Combat
  1165 | D:2      | Reached XP level 4. HP: 30/35 MP: 1/6
  1686 | D:2      | Found an ancient bone altar of Kikubaaqudgha.
  1770 | D:3      | Noticed Sigmund
  1847 | D:3      | Noticed happy2pester's ghost (amateur HOGl)
  1941 | D:2      | Reached XP level 5. HP: 8/40 MP: 0/7
  2355 | D:3      | Noticed Grinder
  2357 | D:3      | Paralysed by Grinder for 2 turns
  3182 | D:3      | Noticed Robin
  3226 | D:3      | Killed Robin
  3230 | D:3      | Got a bloodstained helmet
  3231 | D:3      | Identified the cursed +0 helmet of Keemiomn {Regen+ Int-3 Dex-3 Slay+2} (You took it off Robin on level 3 of the Dungeon)
  3396 | D:3      | Killed Sigmund
  3396 | D:3      | Reached skill level 1 in Charms
  3396 | D:3      | Reached XP level 6. HP: 25/48 MP: 1/9
  3413 | D:3      | Learned a level 4 spell: Condensation Shield
  3598 | D:4      | Noticed fotsohgehT's ghost (novice DrEn)
  3876 | D:4      | Noticed Blork the orc
  3969 | D:4      | Killed Blork the orc
  3969 | D:4      | Reached skill level 1 in Armour
  3969 | D:4      | Reached XP level 7. HP: 32/56 MP: 0/10
  4174 | D:4      | Found Daublyv's Distillery.
  4183 | D:4      | Found an iron altar of Okawaru.
  4185 | D:4      | Bought a potion of curing for 36 gold pieces
  4277 | D:4      | Reached skill level 1 in Evocations
  4853 | D:4      | Slain by a giant gecko

Action                   |  1- 3 |  4- 6 |  7- 9 || total
-------------------------+-------+-------+-------++-------
Melee: Unarmed           |   139 |   348 |   119 ||   606
 Cast: Freeze            |    25 |     9 |       ||    34
       Throw Frost       |     7 |     1 |     1 ||     9
       Ozocubu's Armour  |     3 |    22 |     4 ||    29
  Use: Scroll            |     5 |     4 |     1 ||    10
       Potion            |     2 |     1 |       ||     3
 Stab: Sleeping          |     7 |     1 |     1 ||     9
  Eat: Chunk             |    12 |    25 |     7 ||    44
